Map: Ulrena

Players

SHADOW - Winner!

  • Race: Protoss Protoss
  • League: Silver

pupu

  • Race: Protoss Protoss
  • League: Silver

VOD

Have the link to the VOD?

Description

Time

  • Played on: April 9, 2016, 3:08 a.m.
  • Length: 7:35
Show
View Real Time Build Order
Export as new Build Order

SHADOW Protoss - Winner!

Build Orders:  

Get SALT Encoding   

  12  0:03  Probe (Chrono Boost)  
  13  0:13  Probe (Chrono Boost)  
  14  0:21  Pylon  
  14  0:24  Probe (Chrono Boost)  
  15  0:37  Assimilator  
  15  0:39  Probe (Chrono Boost)  
  16  0:47  Gateway  
  16  0:50  Probe (Chrono Boost)  
  17  1:00  Probe (Chrono Boost)  
  19  1:11  Probe (Chrono Boost)  
  19  1:15  Assimilator  
  19  1:22  Probe (Chrono Boost)  
  20  1:32  Probe (Chrono Boost)  
  21  1:37  Cybernetics Core  
  21  1:48  Probe (Chrono Boost)  
  22  1:55  Pylon  
  22  1:58  Probe (Chrono Boost)  
  23  2:18  Nexus  
  22  2:28  Stargate  
  22  2:29  Stargate  
  22  2:33  Probe (Chrono Boost)  
  23  2:43  Probe (Chrono Boost)  
  24  2:56  Probe (Chrono Boost)  
  25  3:02  Pylon  
  25  3:07  Probe (Chrono Boost)  
  26  3:17  Probe (Chrono Boost)  
  27  3:21  Assimilator  
  27  3:27  Void Ray (Chrono Boost)  
  27  3:28  Void Ray (Chrono Boost)  
  27  3:32  Probe (Chrono Boost)  
  36  3:35  Probe (Chrono Boost)  
  37  3:47  Mothership Core (Chrono Boost)  
  37  3:48  Probe (Chrono Boost)  
  40  3:59  Probe  
  41  4:05  Assimilator  
  41  4:08  Probe, Pylon  
  42  4:21  Probe x2  
  48  4:24  Void Ray (Chrono Boost)  
  48  4:33  Probe  
  48  4:34  Probe  
  48  4:35  Void Ray (Chrono Boost)  
  54  4:46  Probe x2  
  56  5:00  Probe x2  
  56  5:04  Void Ray (Chrono Boost)  
  62  5:20  Pylon  
  62  5:22  Pylon  
  62  5:38  Probe x2  
  62  5:39  Void Ray (Chrono Boost)  
  64  6:02  Void Ray (Chrono Boost)  
  68  6:14  Probe x2  
  70  6:26  Probe x2, Nexus  
  70  6:29  Assimilator  
  70  6:32  Void Ray (Chrono Boost), Assimilator  
  76  6:34  Pylon  
  76  6:38  Probe x2, Pylon  
  78  6:41  Pylon  
  78  6:52  Probe x2  
  78  6:53  Void Ray (Chrono Boost)  
  84  7:04  Probe x2  
Show
View Real Time Build Order
Export as new Build Order

pupu Protoss 

Build Orders:  

Get SALT Encoding   

  12  0:01  Probe (Chrono Boost)  
  13  0:11  Probe (Chrono Boost)  
  14  0:20  Pylon  
  14  0:22  Probe (Chrono Boost)  
  15  0:39  Probe (Chrono Boost)  
  15  0:41  Gateway  
  16  0:48  Assimilator  
  16  0:49  Probe (Chrono Boost)  
  17  1:00  Probe (Chrono Boost)  
  17  1:03  Gateway  
  18  1:10  Probe (Chrono Boost), Assimilator  
  19  1:21  Probe (Chrono Boost)  
  20  1:30  Cybernetics Core  
  20  1:31  Probe (Chrono Boost)  
  21  1:38  Pylon  
  21  1:42  Probe (Chrono Boost)  
  22  1:52  Probe (Chrono Boost)  
  23  2:03  Probe (Chrono Boost)  
  23  2:06  Warp Gate (Chrono Boost)  
  24  2:12  Stalker  
  24  2:14  Mothership Core  
  24  2:15  Stalker  
  30  2:35  Probe  
  31  2:48  Stargate  
  31  2:53  Pylon  
  31  3:06  Nexus  
  31  3:11  Pylon  
  31  3:12  Probe  
  32  3:16  Sentry  
  34  3:26  Probe  
  37  3:40  Void Ray (Chrono Boost)  
  39  3:54  Probe  
  40  3:57  Stalker x2  
  44  4:07  Probe  
  45  4:19  Probe x2  
  47  4:27  Gateway  
  47  4:29  Gateway  
  47  4:31  Pylon  
  47  4:43  Probe  
  47  4:44  Probe  
  49  4:47  Pylon  
  49  4:49  Void Ray (Chrono Boost)  
  49  4:50  Protoss Air Weapons Level 1  
  49  4:52  Sentry  
  55  4:55  Probe  
  55  4:57  Probe  
  57  5:06  Probe  
  57  5:09  Probe  
  51  5:37  Stalker x2  
  52  6:05  Pylon  
  52  6:11  Mothership Core  
  54  6:13  Pylon  
  54  6:22  Probe  
  55  6:25  Pylon  
  55  6:28  Pylon  
  55  6:32  Probe x2  
  56  6:36  Void Ray (Chrono Boost)  
  56  6:39  Pylon  
  57  6:43  Probe, Pylon  
  57  6:44  Probe  
  57  6:45  Pylon  
  59  6:47  Stalker x2  
  59  6:52  Pylon  
  63  6:54  Zealot  
  63  6:56  Probe  
  66  7:07  Assimilator  
  66  7:10  Assimilator  
  43  7:23  Stalker x2  
Tags
 
Matchup
PvP
Add a new tag
Caveats
  • Supply blocks, unpowered buildings, or Contaminate may cause inaccurate times.
  • Supply counts are checked every 10 seconds.